 Dungeon Crawl Stone Soup version 0.24.0-35-gdb84b6a5db (webtiles) character file.

Game seed: 339327243015310220, levelgen mode: deterministic

91 Gruesph the Charlatan (level 4, -3/34 HPs)
             Began as a Demonspawn Artificer on Nov 19, 2019.
             Slain by a wight
             ... wielding a +0 hand axe
              (4 damage)
             ... on level 3 of the Dungeon.
             The game lasted 00:11:35 (2458 turns).

Gruesph the Charlatan (Demonspawn Artificer)        Turns: 2458, Time: 00:11:35

Health: -3/34      AC: 10    Str: 13    XL:     4   Next: 34%
Magic:  7/7        EV:  8    Int: 12    God:
Gold:   64         SH:  0    Dex: 14    Spells: 3/3 levels left

rFire    . . .     SeeInvis .   a - +2 dagger (drain)
rCold    . . .     Gourm    .   (no shield)
rNeg     . . .     Faith    .   h - +0 scale mail
rPois    .         Spirit   .   (no helmet)
rElec    .         Reflect  .   (no cloak)
rCorr    .         Harm     .   m - +0 pair of gloves
MR       .....                  g - +0 pair of boots {Stlth+}
Stlth    +.........             (no amulet)
HPRegen  0.11/turn              (no ring)
MPRegen  0.10/turn              (no ring)

@: lethally poisoned (-3 -> -5), heavily drained
A: talons 1, molten scales 1
a: no special abilities


You were on level 3 of the Dungeon.
You were not hungry.

You visited 1 branch of the dungeon, and saw 3 of its levels.

You collected 64 gold pieces.

Inventory:

Hand Weapons
 a - a +2 dagger of draining (weapon)
 b - a +0 hunting sling
Missiles
 i - 11 poisoned darts (quivered)
 j - 144 stones
Armour
 g - a +0 pair of boots of stealth (worn)
 h - a +0 scale mail (worn)
 m - a +0 pair of gloves (worn)
 r - a +0 leather armour
Jewellery
 p - an uncursed amulet of guardian spirit {unknown}
Wands
 c - a wand of flame (11)
 d - a wand of enslavement (15)
 e - a wand of random effects (15)
Scrolls
 k - a scroll of remove curse {unknown}
Potions
 l - a potion of haste {unknown}
 n - a potion of agility {unknown}
 o - a potion of invisibility {unknown}
Comestibles
 f - 9 rations


   Skills:
 + Level 2.7(0.4) Fighting
 - Level 0.8(0.0) Short Blades
 - Level 1.7(0.0) Dodging
 - Level 2.0(0.0) Stealth
 + Level 4.0(1.6) Evocations


You had 3 spell levels left.
You didn't know any spells.
Your spell library was empty.

Dungeon Overview and Level Annotations

Branches:
Dungeon (3/15)

Altars:


Innate Abilities, Weirdness & Mutations

You have sharp toenails.
You are partially covered in molten scales. (AC +2)


Message History

You are too injured to fight recklessly!
You closely miss the wight.
The wight is lightly damaged.
The wight hits you with a +0 hand axe.
You feel drained.
You barely miss the wight.
The wight is lightly damaged.
You feel sick. The wight hits you with a +0 hand axe!
* * * LOW HITPOINT WARNING * * *
You feel drained.
* * * LOW HITPOINT WARNING * * *
You hit the wight.
The wight is heavily damaged.
You barely miss the wight.
The wight is heavily damaged.
The wight hits you with a +0 hand axe!
* * * LOW HITPOINT WARNING * * *
You feel drained.
* * * LOW HITPOINT WARNING * * *
You feel sick. The wight hits you with a +0 hand axe.
You die...

........#.#....##..##..#
.........<#..#(.... #..#
.......>..#..#..# #..#
...............# ##..#
......######...#.h##.(#
.........)...#.#..K...#
......########.##..##(#
......# #..####(.#
......# ##.@z...##
...... ##..#### #####
#(## #..# ...## ####


You could see a wight.

Vanquished Creatures
  2 adders (D:2)
  3 worms
  A dart slug (D:2)
  3 leopard geckos
  An orc (D:3)
  A ball python (D:1)
  4 giant cockroaches
  9 goblins
  4 hobgoblins
  2 jackals (D:2)
  9 kobolds
  8 bats
  4 frilled lizards
  7 rats
58 creatures vanquished.

Notes
Turn   | Place    | Note
-------+----------+-------------------------------------------
     0 | D:1      | Gruesph the Demonspawn Artificer began the quest for the
                  | Orb.
     0 | D:1      | Reached XP level 1. HP: 15/15 MP: 3/3
    71 | D:1      | Reached skill level 1 in Stealth
   247 | D:1      | Gained mutation: You are partially covered in molten
                  | scales. (AC +2) [demonic ancestry]
   247 | D:1      | Reached XP level 2. HP: 20/21 MP: 4/4
  1213 | D:2      | Reached XP level 3. HP: 25/27 MP: 5/5
  1916 | D:2      | Gained mutation: You have sharp toenails. [demonic
                  | ancestry]
  1916 | D:2      | Reached XP level 4. HP: 34/34 MP: 6/6
  2037 | D:2      | You fall into a shaft and drop 1 floor!
  2343 | D:3      | Reached skill level 4 in Evocations
  2456 | D:3      | HP: 1/34 [wight/+0 hand axe (7)]
  2458 | D:3      | Slain by a wight

Levels and vault maps discovered:
D:1:      dpeg_arrival_short_road, layout_basic
D:2:      layout_loops_corners
D:3:      layout_basic, minmay_close_crescents, uniq_sigmund

Skill      XL: |  1  2  3  4 |
---------------+-------------+-----
Stealth        | 1 2 |  2.0
Fighting       | 2 |  2.7
Evocations     | 4 |  4.0
Short Blades   | |  0.8
Dodging        | |  1.7

Action                   |  1- 3 |  4- 6 || total
-------------------------+-------+-------++-------
Melee: Short sword       |   136 |       ||   136
       Dagger            |     9 |    50 ||    59
Throw: Dart              |     6 |     2 ||     8
Evoke: Wand              |     4 |       ||     4
 Stab: Sleeping          |     1 |     1 ||     2
  Eat: Chunk             |     3 |     2 ||     5
Armor: Scale mail        |    91 |    17 ||   108
       Leather armour    |     1 |       ||     1
Dodge: Dodged            |    87 |    19 ||   106
